[ AOE2 MATCH · #472841400 ]
UnrankedBritons vs Teutons
[ REPLAY ANALYSIS · EXTRACTED FROM THE RECORDED GAME ]
Feudal
13:07
Castle
23:17
Imperial
39:19
| APM avg | 29.0 |
| APM peak | 79 |
| eAPM avg | 15.0 |
| Villagers / military | 92 / 316 |
Focus
⚔️ 42.9% · 🌾 57.1%
Longbowman ×234 · Trade Cog ×46 · Unknown (2626) ×25 · Fishing Ship ×24 · Trebuchet (Packed) ×24 · Archer ×22
Feudal
13:38
Castle
24:05
Imperial
49:20
| APM avg | 42.7 |
| APM peak | 73 |
| eAPM avg | 21.9 |
| Villagers / military | 109 / 190 |
Focus
⚔️ 36.7% · 🌾 63.3%
Composite Bowman ×52 · Militia ×51 · Trade Cog ×44 · Skirmisher ×44 · Spearman ×31 · Unknown (2626) ×10
Feudal
12:41
Castle
25:06
Imperial
41:08
| APM avg | 21.7 |
| APM peak | 63 |
| eAPM avg | 13.6 |
| Villagers / military | 146 / 308 |
Focus
⚔️ 42.1% · 🌾 57.9%
Knight ×160 · Teutonic Knight ×82 · Scout Cavalry ×23 · Fishing Ship ×13 · Battering Ram ×13 · Fire Galley ×12
Feudal
14:40
Castle
24:37
Imperial
—
| APM avg | 39.3 |
| APM peak | 74 |
| eAPM avg | 18.0 |
| Villagers / military | 149 / 101 |
Focus
⚔️ 34.8% · 🌾 65.2%
Cavalry Archer ×70 · Skirmisher ×17 · Fishing Ship ×11 · Scout Cavalry ×7 · Archer ×5 · Galley ×2
Feudal
13:44
Castle
21:23
Imperial
50:48
| APM avg | 34.2 |
| APM peak | 87 |
| eAPM avg | 18.6 |
| Villagers / military | 198 / 377 |
Focus
⚔️ 26.9% · 🌾 73.1%
Camel Scout ×206 · Scout Cavalry ×146 · Genitour ×14 · Fishing Ship ×11 · Unknown (2626) ×7 · Trebuchet (Packed) ×6
Feudal
12:17
Castle
19:59
Imperial
39:47
| APM avg | 40.7 |
| APM peak | 95 |
| eAPM avg | 21.8 |
| Villagers / military | 244 / 372 |
Focus
⚔️ 42.5% · 🌾 57.5%
Arambai ×235 · Fire Galley ×58 · Battle Elephant ×52 · Unknown (2626) ×26 · Fishing Ship ×20 · Trebuchet (Packed) ×18
Match map
Initial resources + every placement click. Lines = walls · curves = elevation contours. ◆ gold · ⬟ stone · ● berries · ✦ relic · ◌ wall gap
Your base
NiL's base· Open — 3t gap
Mike'dugai's base· Open — 3t gap
KnightRushTV's base
So sad's base· Open — 4t gap
Funkyton's base· Open — 6t gap
Smoothed initial terrain · ◌ = detected wall gap · hover for details
Inputs per minute
— HURMA - - NiL
Build order — HURMA
First 150 of 440 actions detected
| 0:09 | Build | Town Center |
| 0:17 | Build | House |
| 1:14 | Build | Dock |
| 2:30 | Create | Villager (Male) ×4 |
| 2:30 | Create | Villager (Male) ×4 |
| 3:28 | Create | Fishing Ship |
| 3:46 | Create | Villager (Male) |
| 3:59 | Build | House |
| 4:33 | Create | Fishing Ship |
| 4:33 | Create | Fishing Ship |
| 4:35 | Research | Loom |
| 5:16 | Create | Villager (Male) |
| 5:16 | Create | Villager (Male) |
| 5:36 | Create | Villager (Male) |
| 5:58 | Create | Villager (Male) |
| 6:03 | Create | Fishing Ship |
| 6:23 | Build | House |
| 6:37 | Create | Villager (Male) |
| 6:38 | Create | Villager (Male) |
| 7:03 | Create | Villager (Male) |
| 7:03 | Create | Villager (Male) |
| 7:06 | Create | Fishing Ship |
| 7:33 | Create | Villager (Male) |
| 7:33 | Create | Villager (Male) |
| 7:39 | Build | House |
| 7:40 | Build | House |
| 7:48 | Create | Villager (Male) |
| 7:49 | Create | Villager (Male) |
| 7:50 | Create | Fishing Ship |
| 8:23 | Create | Fishing Ship |
| 8:49 | Create | Fishing Ship |
| 9:24 | Create | Fishing Ship |
| 9:34 | Create | Villager (Male) |
| 10:07 | Create | Villager (Male) |
| 10:07 | Create | Villager (Male) |
| 10:14 | Build | Mining Camp |
| 10:37 | Research | Feudal Age |
| 10:47 | Build | Mill |
| 10:51 | Build | Mill |
| 11:54 | Build | Dock |
| 12:12 | Build | House |
| 12:14 | Build | House |
| 12:16 | Build | House |
| 12:17 | Build | House |
| 12:43 | Create | Villager (Male) |
| 12:43 | Create | Villager (Male) |
| 12:43 | Create | Villager (Male) |
| 12:43 | Create | Villager (Male) |
| 13:07 | Age | Feudal Age |
| 13:08 | Create | Unit 2626 |
| 13:08 | Create | Unit 2626 |
| 13:37 | Create | Unit 2626 |
| 13:59 | Create | Unit 2626 |
| 14:00 | Create | Villager (Male) |
| 14:00 | Create | Villager (Male) |
| 14:35 | Research | Tech 906 |
| 14:38 | Create | Villager (Male) |
| 15:03 | Create | Fire Galley |
| 15:19 | Research | Wheelbarrow |
| 15:48 | Create | Fire Galley |
| 15:48 | Create | Fire Galley |
| 15:58 | Create | Villager (Male) |
| 16:00 | Create | Villager (Male) |
| 16:00 | Create | Villager (Male) |
| 16:03 | Build | Lumber Camp |
| 16:14 | Build | House |
| 16:16 | Build | House |
| 16:16 | Build | House |
| 16:32 | Research | Double-Bit Axe |
| 16:35 | Create | Villager (Male) |
| 16:36 | Create | Villager (Male) |
| 16:36 | Create | Villager (Male) |
| 16:40 | Build | House |
| 17:14 | Create | Fire Galley |
| 17:14 | Create | Fire Galley |
| 18:36 | Create | Villager (Male) |
| 18:36 | Create | Villager (Male) |
| 18:57 | Create | Fishing Ship |
| 18:57 | Create | Fishing Ship |
| 18:58 | Create | Fishing Ship |
| 19:46 | Build | Market |
| 19:47 | Build | Blacksmith |
| 19:49 | Create | Villager (Male) |
| 19:50 | Create | Villager (Male) |
| 20:14 | Build | Fish Trap |
| 20:14 | Build | Fish Trap |
| 20:25 | Build | Mining Camp |
| 20:33 | Research | Castle Age |
| 20:54 | Build | Dock |
| 20:57 | Create | Villager (Male) |
| 20:58 | Create | Villager (Male) |
| 21:04 | Research | Horse Collar |
| 21:04 | Research | Horse Collar |
| 21:32 | Build | Fish Trap |
| 21:55 | Create | Fishing Ship ×5 |
| 22:10 | Create | Unit 2626 |
| 22:10 | Create | Unit 2626 |
| 22:10 | Create | Unit 2626 |
| 22:31 | Research | Stone Mining |
| 22:34 | Research | Gold Mining |
| 22:34 | Research | Gold Mining |
| 22:37 | Research | Fletching |
| 22:39 | Research | Padded Archer Armor |
| 22:44 | Create | Villager (Male) |
| 22:44 | Create | Villager (Male) |
| 22:44 | Create | Villager (Male) |
| 23:17 | Age | Castle Age |
| 23:18 | Research | War Galley (upgrade) |
| 23:28 | Research | Gillnets |
| 23:30 | Create | Villager (Male) |
| 23:36 | Build | Lumber Camp |
| 23:40 | Build | Lumber Camp |
| 23:58 | Research | Bow Saw |
| 24:20 | Build | Dock |
| 24:21 | Create | Fishing Ship ×4 |
| 24:54 | Build | Monastery |
| 25:04 | Build | Town Center |
| 25:27 | Build | House |
| 25:27 | Build | House |
| 25:27 | Build | House |
| 25:28 | Build | House |
| 25:28 | Build | House |
| 25:28 | Build | House |
| 25:30 | Build | House |
| 25:30 | Build | House |
| 25:30 | Build | House |
| 25:32 | Build | House |
| 25:44 | Create | Monk |
| 25:57 | Create | Monk |
| 26:03 | Create | Villager (Male) |
| 26:03 | Create | Villager (Male) |
| 26:08 | Build | Town Center |
| 26:21 | Create | Trade Cog ×2 |
| 26:26 | Research | Caravan |
| 26:52 | Create | Galley |
| 27:09 | Create | Villager (Male) |
| 27:09 | Create | Villager (Male) |
| 27:15 | Research | Bodkin Arrow |
| 27:23 | Build | University |
| 27:36 | Build | Castle |
| 27:41 | Create | Villager (Male) |
| 27:41 | Create | Villager (Male) |
| 27:41 | Create | Villager (Male) |
| 27:42 | Create | Villager (Male) |
| 27:42 | Create | Villager (Male) |
| 27:42 | Create | Villager (Male) |
| 27:42 | Create | Villager (Male) |
| 27:47 | Create | Villager (Male) |
| 27:47 | Create | Villager (Male) |
| 27:48 | Create | Villager (Male) |
Build order — NiL
First 150 of 557 actions detected
| 0:09 | Build | Town Center |
| 0:25 | Build | Town Center |
| 1:30 | Build | Dock |
| 1:35 | Build | House |
| 2:58 | Create | Villager (Male) |
| 2:58 | Create | Villager (Male) |
| 2:58 | Create | Villager (Male) |
| 2:58 | Create | Villager (Male) |
| 2:59 | Create | Villager (Male) |
| 4:00 | Create | Fishing Ship |
| 4:00 | Create | Fishing Ship |
| 4:44 | Create | Villager (Male) |
| 4:50 | Create | Fishing Ship |
| 4:59 | Build | House |
| 5:37 | Create | Villager (Male) |
| 5:45 | Create | Fishing Ship |
| 6:19 | Create | Villager (Male) |
| 6:32 | Create | Fishing Ship |
| 6:35 | Create | Villager (Male) |
| 6:35 | Create | Villager (Male) |
| 7:13 | Create | Villager (Male) |
| 7:13 | Create | Villager (Male) |
| 7:21 | Build | House |
| 7:28 | Build | House |
| 7:37 | Build | House |
| 7:54 | Build | Mule Cart |
| 9:06 | Build | Mule Cart |
| 9:28 | Create | Villager (Male) |
| 9:48 | Create | Fishing Ship |
| 10:06 | Build | Dock |
| 10:18 | Build | Dock |
| 10:34 | Build | Mill |
| 10:36 | Create | Villager (Male) |
| 10:54 | Create | Villager (Male) |
| 10:56 | Create | Fishing Ship |
| 11:28 | Research | Feudal Age |
| 11:34 | Create | Fishing Ship |
| 11:40 | Create | Fishing Ship |
| 12:20 | Build | Mule Cart |
| 13:38 | Age | Feudal Age |
| 13:41 | Research | Double-Bit Axe |
| 13:43 | Create | Unit 2626 |
| 13:43 | Create | Unit 2626 |
| 14:10 | Create | Demolition Raft |
| 15:00 | Create | Unit 2626 |
| 15:00 | Create | Unit 2626 |
| 15:23 | Create | Unit 2626 |
| 15:25 | Create | Villager (Male) |
| 15:26 | Create | Villager (Male) |
| 15:42 | Create | Villager (Male) |
| 15:43 | Research | Loom |
| 16:06 | Create | Unit 2626 |
| 16:18 | Create | Villager (Male) |
| 16:19 | Create | Villager (Male) |
| 16:21 | Create | Villager (Male) |
| 17:12 | Create | Villager (Male) |
| 17:18 | Build | House |
| 17:21 | Build | House |
| 17:37 | Create | Unit 2626 |
| 18:00 | Create | Villager (Male) |
| 18:05 | Build | Market |
| 18:07 | Build | Blacksmith |
| 18:13 | Build | House |
| 18:38 | Build | House |
| 18:38 | Build | House |
| 18:38 | Build | House |
| 19:17 | Create | Villager (Male) |
| 19:18 | Create | Villager (Male) |
| 19:33 | Create | Villager (Male) |
| 20:32 | Build | Dock |
| 21:25 | Research | Castle Age |
| 21:39 | Build | House |
| 21:40 | Build | House |
| 21:41 | Build | House |
| 21:46 | Build | Barracks |
| 21:55 | Create | Villager (Male) |
| 22:18 | Research | Horse Collar |
| 22:22 | Research | Scale Mail Armor |
| 22:49 | Research | Man-at-Arms (upgrade) |
| 22:54 | Build | House |
| 22:58 | Build | Barracks |
| 23:04 | Create | Villager (Male) |
| 23:25 | Create | Militia |
| 23:43 | Research | Long Swordsman (upgrade) |
| 23:53 | Create | Militia |
| 23:55 | Build | House |
| 24:03 | Create | Militia |
| 24:04 | Create | Militia |
| 24:05 | Age | Castle Age |
| 24:30 | Create | Militia |
| 24:30 | Create | Militia |
| 24:57 | Create | Militia |
| 24:59 | Research | Gambesons |
| 25:00 | Research | Squires |
| 25:11 | Create | Militia |
| 25:11 | Create | Militia |
| 25:38 | Research | Arson |
| 26:09 | Create | Militia |
| 26:09 | Create | Militia |
| 27:17 | Build | House |
| 27:22 | Build | Farm |
| 27:23 | Build | Farm |
| 27:23 | Build | Farm |
| 27:23 | Build | Farm |
| 27:24 | Build | Farm |
| 27:24 | Build | Farm |
| 27:24 | Build | Farm |
| 27:27 | Build | Farm |
| 27:27 | Build | Farm |
| 27:27 | Build | Farm |
| 27:27 | Build | Farm |
| 27:27 | Build | Farm |
| 28:22 | Research | Bow Saw |
| 28:51 | Research | Forging |
| 29:27 | Create | Villager (Male) |
| 29:27 | Create | Villager (Male) |
| 29:32 | Build | Town Center |
| 30:33 | Research | Wheelbarrow |
| 30:34 | Research | Town Watch |
| 31:10 | Build | Castle |
| 31:17 | Create | Villager (Male) |
| 31:17 | Create | Villager (Male) |
| 31:17 | Create | Villager (Male) |
| 31:17 | Create | Villager (Male) |
| 31:18 | Build | House |
| 31:20 | Build | House |
| 31:40 | Create | Villager (Male) |
| 31:47 | Create | Villager (Male) |
| 31:54 | Research | Fletching |
| 32:21 | Build | Barracks |
| 32:52 | Create | Villager (Male) |
| 32:53 | Create | Villager (Male) |
| 33:03 | Build | Barracks |
| 33:05 | Research | Bodkin Arrow |
| 33:23 | Create | Villager (Male) |
| 33:29 | Create | Spearman |
| 34:02 | Create | Spearman |
| 34:45 | Create | Spearman |
| 34:45 | Create | Spearman |
| 34:51 | Build | Building 487 |
| 34:53 | Build | House |
| 35:01 | Build | House |
| 35:08 | Build | House |
| 35:25 | Create | Villager (Male) |
| 35:25 | Create | Villager (Male) |
| 35:26 | Create | Villager (Male) |
| 36:17 | Create | Villager (Male) |
| 36:18 | Create | Villager (Male) |
| 36:18 | Create | Villager (Male) |
| 36:21 | Create | Spearman |
Build order — Mike'dugai
First 150 of 438 actions detected
| 0:07 | Build | Town Center |
| 0:56 | Build | Dock |
| 1:02 | Build | House |
| 1:06 | Build | Palisade Wall |
| 2:36 | Create | Villager (Male) ×4 |
| 2:47 | Research | Loom |
| 3:38 | Create | Fishing Ship |
| 4:05 | Build | House |
| 4:19 | Create | Villager (Male) |
| 4:54 | Create | Fishing Ship |
| 5:20 | Create | Villager (Male) |
| 5:40 | Build | House |
| 5:45 | Create | Villager (Male) |
| 6:34 | Create | Fishing Ship |
| 6:36 | Create | Villager (Male) ×2 |
| 6:41 | Create | Villager (Male) |
| 7:02 | Create | Villager (Male) |
| 7:02 | Create | Villager (Male) |
| 7:21 | Create | Fishing Ship |
| 7:22 | Create | Villager (Male) |
| 7:48 | Create | Villager (Male) |
| 8:21 | Build | House |
| 8:25 | Create | Fishing Ship |
| 9:07 | Build | Mill |
| 9:15 | Create | Villager (Male) ×3 |
| 9:54 | Build | House |
| 10:29 | Research | Feudal Age |
| 10:39 | Build | Mining Camp |
| 11:15 | Build | Dock |
| 12:28 | Build | Dock |
| 12:30 | Build | House |
| 12:41 | Age | Feudal Age |
| 12:45 | Create | Unit 2626 |
| 12:50 | Create | Villager (Male) |
| 12:50 | Create | Villager (Male) |
| 12:50 | Create | Villager (Male) |
| 12:50 | Create | Villager (Male) |
| 12:56 | Create | Villager (Male) ×5 |
| 13:12 | Create | Fishing Ship |
| 13:58 | Create | Unit 2626 |
| 14:10 | Build | House |
| 14:16 | Create | Unit 2626 |
| 14:32 | Build | House |
| 15:29 | Create | Villager (Male) |
| 15:33 | Create | Unit 2626 |
| 15:33 | Create | Unit 2626 |
| 15:51 | Build | Blacksmith |
| 15:59 | Create | Villager (Male) |
| 16:01 | Build | Lumber Camp |
| 16:13 | Create | Fishing Ship |
| 17:18 | Create | Villager (Male) |
| 17:18 | Create | Villager (Male) |
| 17:21 | Build | Lumber Camp |
| 17:27 | Create | Villager (Male) |
| 17:30 | Create | Fishing Ship |
| 17:31 | Research | Tech 906 |
| 17:34 | Research | Forging |
| 18:09 | Create | Villager (Male) |
| 18:09 | Create | Villager (Male) |
| 18:14 | Build | House |
| 18:25 | Research | Double-Bit Axe |
| 19:00 | Research | Horse Collar |
| 19:06 | Build | Farm |
| 19:07 | Build | Farm |
| 19:08 | Build | Farm |
| 19:09 | Build | Farm |
| 19:10 | Build | Farm |
| 19:12 | Build | Farm |
| 19:16 | Build | Farm |
| 19:17 | Build | Farm |
| 19:21 | Build | Farm |
| 19:22 | Build | Farm |
| 19:22 | Build | Farm |
| 19:22 | Build | Farm |
| 19:22 | Build | Farm |
| 19:35 | Build | Dock |
| 19:39 | Research | Wheelbarrow |
| 20:14 | Build | Dock |
| 20:17 | Create | Villager (Male) |
| 20:47 | Build | House |
| 20:48 | Build | House |
| 21:10 | Build | Mining Camp |
| 21:17 | Build | Stone Wall |
| 21:19 | Build | Building 487 |
| 21:26 | Build | Stone Wall |
| 21:33 | Build | Market |
| 21:36 | Create | Villager (Male) |
| 21:36 | Create | Villager (Male) |
| 21:37 | Create | Villager (Male) |
| 21:39 | Create | Fishing Ship |
| 21:40 | Create | Fishing Ship |
| 21:40 | Create | Fishing Ship |
| 22:17 | Research | Castle Age |
| 22:34 | Build | Building 490 |
| 22:45 | Create | Unit 2626 |
| 22:45 | Create | Fire Galley |
| 22:46 | Create | Fire Galley |
| 22:46 | Create | Unit 2626 |
| 22:57 | Build | House |
| 23:47 | Build | Barracks |
| 23:51 | Research | Gold Mining |
| 25:06 | Build | Stable |
| 25:06 | Age | Castle Age |
| 25:13 | Build | Stable |
| 25:16 | Research | Scale Barding Armor |
| 25:17 | Research | Iron Casting |
| 25:24 | Research | Bow Saw |
| 26:04 | Create | Villager (Male) |
| 26:04 | Create | Villager (Male) |
| 26:08 | Create | Knight ×5 |
| 26:10 | Research | Chain Barding Armor |
| 26:13 | Build | Stable |
| 26:21 | Create | Villager (Male) ×5 |
| 26:58 | Create | Villager (Male) |
| 27:00 | Build | House |
| 27:01 | Build | House |
| 27:02 | Build | House |
| 27:03 | Build | House |
| 27:06 | Research | Bloodlines |
| 27:07 | Create | Knight |
| 27:07 | Create | Knight |
| 27:46 | Create | Knight |
| 27:48 | Create | Villager (Male) |
| 28:00 | Build | Monastery |
| 28:12 | Build | House |
| 28:13 | Build | House |
| 28:14 | Build | House |
| 28:15 | Build | House |
| 28:17 | Create | Villager (Male) |
| 28:18 | Create | Knight |
| 28:32 | Build | Lumber Camp |
| 28:40 | Create | Knight |
| 28:40 | Create | Knight |
| 28:41 | Create | Knight |
| 28:43 | Create | Knight |
| 29:04 | Create | Knight |
| 29:05 | Create | Villager (Male) |
| 29:14 | Build | Town Center |
| 29:22 | Create | Villager (Male) |
| 29:34 | Create | Knight |
| 29:34 | Create | Knight |
| 29:34 | Create | Knight |
| 29:35 | Create | Knight |
| 29:35 | Create | Knight |
| 29:45 | Build | Town Center |
| 29:50 | Build | House |
| 30:28 | Create | Villager (Male) |
| 30:28 | Create | Villager (Male) |
| 30:30 | Create | Knight |
| 30:30 | Create | Knight |
Build order — KnightRushTV
First 150 of 386 actions detected
| 0:30 | Build | House |
| 0:59 | Build | Dock |
| 1:27 | Build | Town Center |
| 2:26 | Build | House |
| 4:01 | Create | Villager (Male) |
| 4:02 | Create | Villager (Male) |
| 4:02 | Create | Villager (Male) |
| 4:02 | Create | Villager (Male) |
| 4:02 | Create | Villager (Male) |
| 4:58 | Create | Villager (Male) |
| 5:30 | Create | Villager (Male) |
| 6:17 | Create | Villager (Male) |
| 6:40 | Create | Fishing Ship |
| 6:52 | Create | Villager (Male) |
| 6:58 | Build | House |
| 7:23 | Create | Fishing Ship |
| 7:38 | Build | House |
| 7:42 | Create | Villager (Male) |
| 8:00 | Create | Villager (Male) |
| 8:00 | Create | Villager (Male) |
| 8:29 | Create | Fishing Ship |
| 8:30 | Create | Fishing Ship |
| 8:40 | Create | Villager (Male) |
| 8:41 | Create | Villager (Male) |
| 9:06 | Create | Fishing Ship |
| 9:08 | Create | Villager (Male) |
| 9:28 | Build | House |
| 9:29 | Create | Villager (Male) |
| 9:29 | Create | Villager (Male) |
| 9:48 | Create | Villager (Male) |
| 9:57 | Create | Fishing Ship |
| 9:58 | Create | Fishing Ship |
| 10:21 | Build | Barracks |
| 10:35 | Create | Villager (Male) |
| 10:38 | Create | Villager (Male) |
| 10:46 | Create | Villager (Male) |
| 11:02 | Research | Loom |
| 11:07 | Build | Mill |
| 11:37 | Build | Palisade Wall |
| 12:30 | Research | Feudal Age |
| 12:35 | Create | Fishing Ship |
| 12:36 | Create | Fishing Ship |
| 12:36 | Create | Fishing Ship |
| 12:37 | Create | Fishing Ship |
| 13:24 | Build | Dock |
| 13:35 | Build | House |
| 13:38 | Build | House |
| 13:52 | Build | Palisade Wall |
| 13:57 | Build | Building 796 |
| 14:07 | Build | House |
| 14:40 | Age | Feudal Age |
| 14:53 | Create | Galley |
| 14:53 | Create | Galley |
| 15:17 | Build | Lumber Camp |
| 15:19 | Create | Villager (Male) |
| 15:19 | Create | Villager (Male) |
| 15:19 | Create | Villager (Male) |
| 15:20 | Create | Villager (Male) |
| 15:32 | Create | Villager (Male) |
| 16:06 | Build | Archery Range |
| 16:12 | Research | Double-Bit Axe |
| 16:14 | Create | Villager (Male) |
| 16:41 | Build | House |
| 16:41 | Build | House |
| 16:44 | Create | Villager (Male) |
| 16:55 | Create | Skirmisher |
| 17:00 | Build | Blacksmith |
| 17:02 | Build | Building 804 |
| 17:12 | Create | Villager (Male) |
| 17:18 | Create | Skirmisher |
| 17:35 | Create | Villager (Male) |
| 17:45 | Build | Farm |
| 17:48 | Build | Farm |
| 17:49 | Create | Villager (Male) |
| 17:52 | Build | Lumber Camp |
| 17:53 | Create | Skirmisher |
| 19:03 | Build | Mining Camp |
| 19:34 | Build | Market |
| 19:40 | Create | Skirmisher |
| 19:41 | Create | Skirmisher |
| 20:04 | Create | Villager (Male) |
| 20:04 | Create | Villager (Male) |
| 20:04 | Create | Villager (Male) |
| 21:02 | Build | Farm |
| 21:05 | Build | Farm |
| 21:57 | Research | Castle Age |
| 22:13 | Create | Skirmisher |
| 22:48 | Research | Fletching |
| 22:51 | Create | Skirmisher |
| 22:58 | Create | Skirmisher |
| 23:15 | Create | Skirmisher |
| 23:38 | Create | Skirmisher |
| 24:27 | Create | Skirmisher |
| 24:37 | Age | Castle Age |
| 24:47 | Create | Skirmisher |
| 24:53 | Create | Villager (Male) |
| 24:53 | Create | Villager (Male) |
| 24:55 | Create | Villager (Male) |
| 24:55 | Create | Villager (Male) |
| 24:55 | Create | Villager (Male) |
| 24:56 | Create | Villager (Male) |
| 26:13 | Create | Skirmisher |
| 26:40 | Create | Skirmisher |
| 27:05 | Build | Castle |
| 27:19 | Create | Skirmisher |
| 27:20 | Create | Skirmisher |
| 27:30 | Create | Skirmisher |
| 27:40 | Create | Villager (Male) |
| 27:40 | Create | Villager (Male) |
| 27:41 | Create | Villager (Male) |
| 27:46 | Build | Mining Camp |
| 28:13 | Build | Mining Camp |
| 28:19 | Build | Lumber Camp |
| 29:28 | Build | Castle |
| 32:20 | Build | Castle |
| 33:49 | Build | Town Center |
| 35:40 | Create | Cavalry Archer |
| 35:40 | Create | Cavalry Archer |
| 35:41 | Create | Cavalry Archer |
| 35:57 | Create | Villager (Male) |
| 36:03 | Create | Cavalry Archer |
| 38:15 | Create | Villager (Male) |
| 38:16 | Create | Villager (Male) |
| 38:16 | Create | Villager (Male) |
| 38:25 | Create | Cavalry Archer |
| 38:25 | Create | Cavalry Archer |
| 38:59 | Create | Archer |
| 39:14 | Create | Villager (Male) |
| 39:18 | Create | Villager (Male) |
| 40:15 | Create | Villager (Male) |
| 40:28 | Create | Cavalry Archer |
| 40:30 | Create | Cavalry Archer |
| 40:31 | Create | Villager (Male) |
| 40:32 | Create | Villager (Male) |
| 41:37 | Build | House |
| 42:00 | Build | Mill |
| 42:02 | Create | Villager (Male) |
| 42:03 | Create | Villager (Male) |
| 42:05 | Create | Cavalry Archer |
| 42:05 | Create | Cavalry Archer |
| 42:05 | Create | Cavalry Archer |
| 43:46 | Create | Villager (Male) |
| 43:48 | Create | Villager (Male) |
| 43:48 | Create | Villager (Male) |
| 43:51 | Create | Cavalry Archer |
| 43:51 | Create | Cavalry Archer |
| 44:22 | Build | Farm |
| 44:26 | Build | Farm |
| 44:27 | Build | Farm |
| 44:48 | Create | Cavalry Archer |
Build order — So sad
First 150 of 560 actions detected
| 0:12 | Build | Town Center |
| 1:04 | Build | House |
| 1:26 | Build | House |
| 2:11 | Build | Dock |
| 3:04 | Create | Villager (Male) |
| 3:04 | Create | Villager (Male) |
| 3:05 | Create | Villager (Male) |
| 3:05 | Create | Villager (Male) |
| 3:05 | Research | Loom |
| 4:34 | Create | Villager (Male) |
| 4:34 | Create | Villager (Male) |
| 4:40 | Create | Fishing Ship |
| 4:41 | Create | Fishing Ship |
| 5:42 | Create | Villager (Male) |
| 6:22 | Create | Villager (Male) |
| 6:22 | Create | Villager (Male) |
| 6:27 | Create | Fishing Ship |
| 6:56 | Create | Villager (Male) |
| 6:57 | Create | Villager (Male) |
| 7:08 | Build | House |
| 7:43 | Create | Villager (Male) |
| 7:43 | Create | Villager (Male) |
| 7:44 | Create | Villager (Male) |
| 7:44 | Create | Villager (Male) |
| 7:44 | Create | Villager (Male) |
| 8:17 | Build | Mill |
| 8:28 | Create | Villager (Male) |
| 8:46 | Build | House |
| 8:48 | Build | House |
| 9:00 | Create | Villager (Male) |
| 9:00 | Create | Villager (Male) |
| 9:01 | Create | Villager (Male) |
| 9:15 | Create | Fishing Ship |
| 9:35 | Create | Villager (Male) |
| 9:40 | Create | Fishing Ship |
| 9:41 | Create | Fishing Ship |
| 10:05 | Create | Fishing Ship |
| 10:20 | Build | House |
| 10:44 | Create | Villager (Male) |
| 10:51 | Create | Villager (Male) |
| 11:01 | Build | House |
| 11:07 | Create | Villager (Male) |
| 11:12 | Create | Fishing Ship |
| 11:13 | Create | Fishing Ship |
| 11:29 | Research | Feudal Age |
| 11:37 | Build | Mining Camp |
| 11:51 | Build | House |
| 12:05 | Create | Villager (Male) |
| 12:27 | Build | Lumber Camp |
| 12:38 | Create | Villager (Male) |
| 12:43 | Build | House |
| 13:16 | Build | House |
| 13:22 | Create | Villager (Male) |
| 13:44 | Age | Feudal Age |
| 13:48 | Research | Town Watch |
| 13:49 | Create | Villager (Male) |
| 14:01 | Build | House |
| 14:05 | Build | House |
| 14:22 | Build | House |
| 14:26 | Build | House |
| 14:36 | Create | Villager (Male) |
| 14:43 | Research | Double-Bit Axe |
| 14:48 | Research | Tech 906 |
| 15:27 | Create | Villager (Male) |
| 15:55 | Build | Blacksmith |
| 15:57 | Build | House |
| 16:07 | Build | House |
| 16:15 | Build | Farm |
| 16:15 | Build | Farm |
| 16:15 | Build | Farm |
| 16:16 | Build | Farm |
| 16:25 | Create | Villager (Male) |
| 17:05 | Build | Watch Tower |
| 17:18 | Create | Villager (Male) |
| 17:26 | Build | Market |
| 17:35 | Create | Unit 2626 |
| 17:35 | Create | Unit 2626 |
| 17:41 | Create | Unit 2626 |
| 17:53 | Create | Villager (Male) |
| 17:54 | Create | Villager (Male) |
| 18:37 | Research | Castle Age |
| 18:42 | Create | Unit 2626 |
| 19:00 | Create | Unit 2626 |
| 19:05 | Research | Forging |
| 19:15 | Build | Mining Camp |
| 19:33 | Create | Villager (Male) |
| 19:47 | Build | Barracks |
| 20:09 | Create | Villager (Male) |
| 20:15 | Research | Fletching |
| 20:24 | Research | Stone Mining |
| 20:48 | Build | Archery Range |
| 20:49 | Create | Villager (Male) |
| 21:17 | Research | Padded Archer Armor |
| 21:23 | Age | Castle Age |
| 21:28 | Create | Genitour |
| 21:28 | Create | Genitour |
| 21:31 | Create | Genitour |
| 21:38 | Build | Town Center |
| 21:46 | Build | Town Center |
| 22:01 | Create | Unit 2626 |
| 22:02 | Create | Unit 2626 |
| 22:16 | Create | Genitour |
| 22:22 | Create | Villager (Male) |
| 22:28 | Research | Horse Collar |
| 22:41 | Create | Villager (Male) |
| 23:03 | Build | Building 796 |
| 23:08 | Create | Cavalry Archer |
| 23:10 | Create | Genitour |
| 23:14 | Create | Villager (Male) |
| 23:16 | Create | Villager (Male) |
| 23:16 | Create | Villager (Male) |
| 23:20 | Build | Farm |
| 23:21 | Build | Farm |
| 23:21 | Build | Farm |
| 23:21 | Build | Farm |
| 23:21 | Build | Farm |
| 23:40 | Create | Fishing Ship |
| 23:40 | Create | Fishing Ship |
| 23:52 | Create | Villager (Male) |
| 23:53 | Create | Villager (Male) |
| 24:37 | Build | Farm |
| 24:38 | Create | Villager (Male) |
| 24:50 | Build | Castle |
| 25:06 | Build | University |
| 25:19 | Create | Genitour |
| 25:19 | Create | Genitour |
| 25:24 | Build | House |
| 25:31 | Build | House |
| 25:45 | Create | Genitour |
| 25:57 | Build | House |
| 25:59 | Build | House |
| 26:10 | Create | Genitour |
| 26:10 | Create | Genitour |
| 26:28 | Build | House |
| 26:31 | Build | House |
| 26:34 | Build | House |
| 26:49 | Create | Genitour |
| 26:57 | Create | Genitour |
| 26:57 | Create | Genitour |
| 27:18 | Build | Archery Range |
| 27:56 | Create | Villager (Male) |
| 27:58 | Create | Villager (Male) |
| 27:58 | Create | Villager (Male) |
| 28:00 | Create | Villager (Male) |
| 28:00 | Create | Villager (Male) |
| 28:00 | Create | Villager (Male) |
| 28:20 | Build | Farm |
| 28:32 | Create | Genitour |
| 28:46 | Create | Villager (Male) |
| 28:53 | Build | Farm |
Build order — Funkyton
First 150 of 686 actions detected
| 0:11 | Build | Town Center |
| 0:25 | Build | Dock |
| 0:27 | Build | House |
| 2:28 | Create | Villager (Male) |
| 2:28 | Create | Villager (Male) |
| 2:28 | Create | Villager (Male) |
| 2:29 | Create | Villager (Male) |
| 2:29 | Create | Villager (Male) |
| 3:31 | Create | Villager (Male) |
| 3:46 | Build | House |
| 3:52 | Create | Fishing Ship |
| 4:07 | Research | Loom |
| 4:45 | Create | Fishing Ship |
| 5:01 | Create | Villager (Male) |
| 5:01 | Create | Villager (Male) |
| 5:19 | Create | Villager (Male) |
| 5:52 | Create | Villager (Male) |
| 5:53 | Create | Fishing Ship |
| 5:55 | Build | House |
| 6:15 | Create | Villager (Male) |
| 6:34 | Create | Villager (Male) |
| 6:34 | Create | Fishing Ship |
| 7:04 | Create | Villager (Male) |
| 7:12 | Build | House |
| 7:27 | Create | Villager (Male) |
| 7:33 | Create | Villager (Male) |
| 7:34 | Create | Fishing Ship |
| 7:58 | Build | House |
| 8:15 | Create | Villager (Male) |
| 8:21 | Create | Fishing Ship |
| 8:41 | Create | Villager (Male) |
| 9:05 | Build | Mining Camp |
| 9:07 | Create | Villager (Male) |
| 9:33 | Create | Villager (Male) |
| 9:44 | Create | Villager (Male) |
| 10:07 | Research | Feudal Age |
| 10:16 | Build | Dock |
| 10:36 | Build | Dock |
| 10:44 | Build | House |
| 10:57 | Create | Fishing Ship |
| 11:54 | Create | Villager (Male) |
| 11:54 | Create | Villager (Male) |
| 12:17 | Age | Feudal Age |
| 12:19 | Create | Fire Galley |
| 12:19 | Create | Fire Galley |
| 12:21 | Create | Villager (Male) |
| 12:36 | Build | Blacksmith |
| 12:46 | Build | Mill |
| 13:07 | Create | Fire Galley |
| 13:09 | Create | Fire Galley |
| 13:24 | Build | House |
| 13:36 | Create | Villager (Male) |
| 13:37 | Create | Villager (Male) |
| 14:02 | Create | Fire Galley |
| 14:03 | Create | Fire Galley |
| 14:04 | Create | Villager (Male) |
| 14:10 | Create | Villager (Male) |
| 15:03 | Create | Fire Galley |
| 15:03 | Create | Fire Galley |
| 15:14 | Create | Villager (Male) |
| 15:20 | Build | House |
| 16:10 | Create | Villager (Male) |
| 16:16 | Build | Market |
| 16:21 | Create | Fire Galley |
| 16:48 | Create | Villager (Male) |
| 16:54 | Build | Dock |
| 17:19 | Research | Castle Age |
| 17:25 | Build | Lumber Camp |
| 17:32 | Create | Fire Galley |
| 17:32 | Create | Fire Galley |
| 18:06 | Create | Villager (Male) |
| 18:17 | Create | Fishing Ship |
| 18:17 | Create | Fishing Ship |
| 18:17 | Create | Fishing Ship |
| 18:26 | Build | Dock |
| 18:27 | Build | House |
| 19:00 | Create | Fishing Ship |
| 19:00 | Create | Fishing Ship |
| 19:45 | Build | House |
| 19:59 | Age | Castle Age |
| 20:03 | Research | War Galley (upgrade) |
| 20:14 | Build | Town Center |
| 20:21 | Create | Villager (Male) |
| 20:34 | Create | Villager (Male) |
| 20:38 | Create | Villager (Male) |
| 20:56 | Create | Villager (Male) |
| 21:02 | Build | Town Center |
| 21:06 | Create | Villager (Male) |
| 21:15 | Create | Villager (Male) |
| 21:15 | Create | Villager (Male) |
| 21:21 | Create | Villager (Male) |
| 21:21 | Create | Villager (Male) |
| 21:37 | Create | Villager (Male) |
| 21:40 | Create | Fishing Ship |
| 21:40 | Create | Fishing Ship |
| 21:40 | Create | Fishing Ship |
| 21:41 | Create | Fishing Ship |
| 22:31 | Create | Unit 2626 |
| 22:31 | Create | Unit 2626 |
| 22:32 | Create | Unit 2626 |
| 22:32 | Create | Unit 2626 |
| 22:32 | Create | Unit 2626 |
| 22:35 | Create | Villager (Male) |
| 22:35 | Create | Villager (Male) |
| 22:40 | Create | Villager (Male) |
| 22:40 | Create | Villager (Male) |
| 22:57 | Create | Villager (Male) |
| 23:00 | Create | Unit 2626 |
| 23:00 | Create | Unit 2626 |
| 23:02 | Create | Unit 2626 |
| 23:06 | Create | Villager (Male) |
| 23:07 | Create | Villager (Male) |
| 23:07 | Create | Villager (Male) |
| 23:07 | Create | Villager (Male) |
| 23:07 | Create | Villager (Male) |
| 23:29 | Create | Villager (Male) |
| 23:50 | Build | Palisade Wall |
| 23:55 | Create | Villager (Male) |
| 23:55 | Create | Villager (Male) |
| 23:59 | Create | Galley |
| 24:03 | Create | Unit 2626 |
| 24:03 | Create | Unit 2626 |
| 24:03 | Create | Unit 2626 |
| 24:03 | Create | Unit 2626 |
| 24:12 | Build | Palisade Wall |
| 24:16 | Build | House |
| 24:19 | Build | Palisade Wall |
| 24:23 | Build | House |
| 24:35 | Build | Siege Workshop |
| 24:39 | Build | Monastery |
| 24:47 | Create | Villager (Male) |
| 24:58 | Build | Stone Wall |
| 25:06 | Create | Villager (Male) |
| 25:15 | Build | Stone Wall |
| 25:18 | Build | Stone Wall |
| 25:22 | Create | Monk |
| 25:31 | Build | House |
| 25:38 | Build | House |
| 26:05 | Create | Unit 2626 |
| 26:05 | Create | Unit 2626 |
| 26:05 | Create | Unit 2626 |
| 26:06 | Create | Villager (Male) |
| 26:06 | Create | Villager (Male) |
| 26:14 | Create | Scorpion |
| 26:32 | Build | Stone Wall |
| 26:36 | Build | House |
| 26:38 | Build | House |
| 27:01 | Create | Monk |
| 27:07 | Build | Lumber Camp |
| 27:09 | Create | Villager (Male) |
Match timeline
| 0:25 | Funkyton · first_building Dock |
| 0:56 | Mike'dugai · first_building Dock |
| 0:59 | KnightRushTV · first_building Dock |
| 1:06 | Mike'dugai · wall_segment Palisade Wall x1 |
| 1:14 | HURMA · first_building Dock |
| 1:30 | NiL · first_building Dock |
| 2:11 | So sad · first_building Dock |
| 10:21 | KnightRushTV · first_building Barracks |
| 11:37 | KnightRushTV · wall_segment Palisade Wall x11 |
| 12:17 | Funkyton · age_up feudal |
| 12:41 | Mike'dugai · age_up feudal |
| 13:07 | HURMA · age_up feudal |
| 13:38 | NiL · age_up feudal |
| 13:44 | So sad · age_up feudal |
| 13:52 | KnightRushTV · wall_segment Palisade Wall x8 |
| 14:40 | KnightRushTV · age_up feudal |
| 16:06 | KnightRushTV · first_building Archery Range |
| 17:18 | Funkyton · first_market_buy 100 food |
| 19:47 | So sad · first_building Barracks |
| 19:59 | Funkyton · age_up castle |
| 20:48 | So sad · first_building Archery Range |
| 20:49 | KnightRushTV · first_market_sell 100 wood |
| 21:17 | Mike'dugai · wall_segment Stone Wall x17 |
| 21:23 | So sad · age_up castle |
| 21:26 | Mike'dugai · wall_segment Stone Wall x24 |
| 21:46 | NiL · first_building Barracks |
| 21:51 | Funkyton · tribute_sent a jugador 1 |
| 21:51 | Funkyton · tribute_sent a jugador 2 |
| 21:51 | Funkyton · tribute_sent a jugador 3 |
| 21:51 | Funkyton · tribute_sent a jugador 4 |
| 21:51 | Funkyton · tribute_sent a jugador 5 |
| 22:27 | Mike'dugai · first_market_buy 100 stone |
| 23:17 | HURMA · age_up castle |
| 23:47 | Mike'dugai · first_building Barracks |
| 23:50 | Funkyton · wall_segment Palisade Wall x10 |
| 24:05 | NiL · age_up castle |
| 24:12 | Funkyton · wall_segment Palisade Wall x1 |
| 24:19 | Funkyton · wall_segment Palisade Wall x1 |
| 24:35 | Funkyton · first_building Siege Workshop |
| 24:37 | KnightRushTV · age_up castle |
| 24:39 | Funkyton · first_building Monastery |
| 24:50 | So sad · first_building Castle |
| 24:54 | HURMA · first_building Monastery |
| 24:58 | Funkyton · wall_segment Stone Wall x1 |
| 25:06 | Mike'dugai · first_building Stable |
| 25:06 | Mike'dugai · age_up castle |
| 25:15 | Funkyton · wall_segment Stone Wall x1 |
| 25:18 | Funkyton · wall_segment Stone Wall x1 |
| 26:32 | Funkyton · wall_segment Stone Wall x1 |
| 27:05 | KnightRushTV · first_building Castle |
| 27:15 | Funkyton · first_market_sell 100 food |
| 27:19 | Funkyton · first_building Castle |
| 27:36 | HURMA · first_building Castle |
| 28:00 | Mike'dugai · first_building Monastery |
| 28:39 | Mike'dugai · first_market_sell 100 food |
| 28:55 | KnightRushTV · first_market_buy 100 stone |
| 31:10 | NiL · first_building Castle |
| 32:48 | Funkyton · first_building Barracks |
| 34:10 | Funkyton · first_building Stable |
| 34:40 | So sad · first_building Stable |
| 35:58 | HURMA · first_market_buy 100 food |
| 36:15 | Mike'dugai · first_building Castle |
| 36:24 | Mike'dugai · wall_segment Stone Wall x5 |
| 36:26 | Mike'dugai · wall_segment Stone Wall x1 |
| 36:35 | Mike'dugai · wall_segment Stone Wall x6 |
| 37:46 | NiL · wall_segment Palisade Wall x1 |
| 38:56 | Mike'dugai · wall_segment Stone Wall x15 |
| 39:19 | HURMA · age_up imperial |
| 39:43 | HURMA · first_market_sell 500 wood |
| 39:47 | Funkyton · age_up imperial |
| 41:08 | Mike'dugai · age_up imperial |
| 41:08 | Mike'dugai · first_building Siege Workshop |
| 42:12 | So sad · first_market_buy 100 food |
| 42:22 | HURMA · first_building Siege Workshop |
| 45:55 | NiL · first_market_buy 100 food |
| 45:56 | NiL · first_market_sell 100 stone |
| 49:20 | NiL · age_up imperial |
| 49:58 | Funkyton · wall_segment Stone Wall x17 |
| 50:16 | HURMA · first_building Barracks |
| 50:48 | So sad · age_up imperial |
| 51:17 | So sad · first_market_sell 100 food |
| 52:11 | HURMA · first_building Archery Range |
| 53:16 | Funkyton · wall_segment Stone Wall x1 |
| 53:19 | Funkyton · wall_segment Stone Wall x5 |
| 54:00 | NiL · first_building Archery Range |
| 54:20 | HURMA · tribute_sent a jugador 1 |
| 54:20 | HURMA · tribute_sent a jugador 2 |
| 54:20 | HURMA · tribute_sent a jugador 4 |
| 54:20 | HURMA · tribute_sent a jugador 5 |
| 54:20 | HURMA · tribute_sent a jugador 6 |
| 58:29 | So sad · first_building Monastery |
| 59:06 | Funkyton · wall_segment Stone Wall x3 |
| 59:11 | Funkyton · wall_segment Stone Wall x9 |
| 60:52 | Funkyton · tribute_sent a jugador 1 |
| 60:52 | Funkyton · tribute_sent a jugador 2 |
| 60:52 | Funkyton · tribute_sent a jugador 3 |
| 60:52 | Funkyton · tribute_sent a jugador 4 |
| 60:52 | Funkyton · tribute_sent a jugador 5 |
| 62:26 | KnightRushTV · first_building Stable |
| 64:45 | So sad · first_building Siege Workshop |
| 68:23 | Mike'dugai · tribute_sent a jugador 1 |
| 68:23 | Mike'dugai · tribute_sent a jugador 3 |
| 68:23 | Mike'dugai · tribute_sent a jugador 4 |
| 68:23 | Mike'dugai · tribute_sent a jugador 5 |
| 68:23 | Mike'dugai · tribute_sent a jugador 6 |
| 68:50 | HURMA · tribute_sent a jugador 1 |
| 68:50 | HURMA · tribute_sent a jugador 2 |
| 68:50 | HURMA · tribute_sent a jugador 4 |
| 68:50 | HURMA · tribute_sent a jugador 5 |
| 68:50 | HURMA · tribute_sent a jugador 6 |
| 74:03 | Funkyton · resign |
| 75:20 | HURMA · first_building Stable |
[ AI ANALYSIS · 1 CREDIT ]
What really happened in this match?
Wolo.gg analyzes every decision: build order, eco, micro, common mistakes by bracket. Personalized analysis on WhatsApp or Discord in 30 seconds.
Civ guide
Britons
Perfil
Jugador #528946